 Dungeon Crawl Stone Soup version 0.28-a0-1447-ga5a8893891 (webtiles) character file.

Game seed: 7932860221465244568

1898 backslashecho the Cleaver (level 8, -2/75 HPs)
             Began as a Minotaur Cinder Acolyte on Jan 10, 2022.
             Was a High Priest of Ignis.
             Succumbed to a killer bee's poison
             ... on level 6 of the Dungeon.
             The game lasted 00:14:15 (7760 turns).

backslashecho the Cleaver (Minotaur Cinder Acolyte) Turns: 7760, Time: 00:14:15

Health: -2/75      AC: 11    Str: 20    XL:     8   Next: 93%
Magic:  8/8        EV:  5    Int: 11    God:    Ignis [*****.]
Gold:   276        SH:  4    Dex:  7    Spells: 9/9 levels left

rFire   + . .      SeeInvis .   a - -1 hand axe (flame)
rCold   . . .      Faith    .   u - +0 buckler
rNeg    . . .      Spirit   .   x - +0 plate armour
rPois   .          Reflect  .   (helmet restricted)
rElec   .          Harm     .   (no cloak)
rCorr   .          Rampage  .   (no gloves)
Will    .....                   t - +0 pair of boots
Stlth   ..........              (no amulet)
HPRegen 0.22/turn               (no ring)
MPRegen 0.11/turn               (no ring)

@: lethally poisoned (-2 -> -30), hasted, very quick
A: horns 2, retaliatory headbutt
a: Renounce Religion, Fiery Armour, Foxfire Swarm, Rising Flame


You were on level 6 of the Dungeon.
You worshipped Ignis.
Ignis was extremely pleased with you.
You visited 2 branches of the dungeon, and saw 8 of its levels.

You collected 354 gold pieces.
You spent 78 gold pieces at shops.

Inventory:

Hand Weapons
 a - a -1 hand axe of flaming (weapon)
Missiles
 b - a silver javelin (quivered)
 k - 19 poisoned darts
Armour
 t - a +0 pair of boots (worn)
 u - a +0 buckler (worn)
 x - a +0 plate armour (worn)
Wands
 n - a wand of iceblast (5)
 p - a wand of flame (47)
 w - a wand of digging (4)
Scrolls
 e - 2 scrolls of magic mapping {unknown}
 f - a scroll of immolation {unknown}
 j - a scroll of identify
 o - a scroll of enchant armour {unknown}
 q - 4 scrolls of enchant weapon {unknown}
 r - a scroll of fear {unknown}
 s - 3 scrolls of teleportation {unknown}
 v - a scroll of fog {unknown}
Potions
 g - 2 potions of might
 l - a potion of brilliance
 m - a potion of haste


   Skills:
 + Level 8.4 Fighting
 * Level 11.4 Axes
 - Level 4.0 Shields
 - Level 1.0 Spellcasting
 - Level 2.1 Fire Magic


You had 9 spell levels left.
You didn't know any spells.
Your spell library contained the following spells:

 Spells                   Type           Power      Damage    Failure   Level
 Slow                     Hex            0%         N/A       100%        1
 Scorch                   Fire           10%        2d6       100%        2
 Confusing Touch          Hex            0%         N/A       100%        3
 Vampiric Draining        Necr           0%         2d6       100%        3


Dungeon Overview and Level Annotations

Branches:
Dungeon (7/15)             Temple (1/1) D:5

Altars:
Ashenzari
Cheibriados
Dithmenos
Elyvilon
Fedhas
Gozag
Hepliaklqana
Kikubaaqudgha
Makhleb
Nemelex Xobeh
Okawaru
Qazlal
Ru
Trog
Wu Jian
Xom
The Shining One

Shops:
D:5 *

Annotations:
D:5 !Grinder, Grinder


Innate Abilities, Weirdness & Mutations

You have a pair of horns on your head.
You reflexively headbutt those who attack you in melee.


Message History

Throw: 20 darts (poison)
Press: ? - help, Shift-Dir - straight line, f - killer bee
Aim: a killer bee (26% to hit)
You throw a poisoned dart.
The poisoned dart closely misses the killer bee.
You feel very sick. The killer bee stings you.
* * * LOW HITPOINT WARNING * * *
The killer bee stings you but does no damage. x3
The killer bee stings you!
* * * LOW HITPOINT WARNING * * *
You are more poisoned.
The killer bee poisons you!
You take 14 damage, and have 6/75 hp.
You feel much better.
You feel very sick. The killer bee stings you!
* * * LOW HITPOINT WARNING * * *
The killer bee stings you.
* * * LOW HITPOINT WARNING * * *
The killer bee stings you.
* * * LOW HITPOINT WARNING * * *
You are lethally poisoned!
The killer bee poisons you!
The killer bee stings you but does no damage.
You regained 8 hp, and now have 14/75 hp.
You feel yourself speed up.
* * * LOW HITPOINT WARNING * * *
You feel very sick. You block the killer bee's attack.
The killer bee stings you but does no damage.
The killer bee stings you!
* * * LOW HITPOINT WARNING * * *
You are more poisoned.
The killer bee poisons you!
The killer bee stings you but does no damage.
You take 12 damage, and have 2/75 hp.
You barely miss the killer bee. You slash the killer bee!
You burn the killer bee.
You die...

#.......## ###... .........# ##.#
.........# #.# ........## #..
.........# ### #......#.# ### ##
#......#.###.### #.
##....###.#....### #. ##...#
#......y@## #. #######.......†y##
#. #...........## #######. ####
##."..........# ##.....#.
##..###............### #......#.
#....#...........#...####......#.
.......##......######..........#.
.....########### ####..<......
.....## ###......#


You could see 2 killer bees.

Vanquished Creatures
  A water moccasin (D:6)
  An orc warrior (D:7)
  2 ice beasts
  3 black bears
  A necrophage (D:6)
  2 ogres (D:6)
  A water moccasin skeleton (D:5)
  A killer bee (D:6)
  An electric eel (D:6)
  A howler monkey (D:4)
  A centaur zombie (D:7)
  4 hounds
  5 orc priests
  A bullfrog skeleton (D:3)
  3 iguanas
  2 orc wizards
  A killer bee zombie (D:7)
  A hound skeleton (D:4)
  6 adders
  A howler monkey skeleton (D:6)
  An ufetubus (D:5)
  A worm (D:3)
  A dart slug (D:1)
  19 orcs
  7 endoplasms
  4 giant cockroaches
  10 hobgoblins
  2 jackals (D:1)
  11 kobolds
  A quokka (D:1)
  10 ball pythons
  2 bats
  2 frilled lizards (D:1)
  8 goblins
  A rat (D:3)
119 creatures vanquished.

Vanquished Creatures (collateral kills)
  An orc warrior (D:6)
  A jelly (D:6)
  A shadow imp (D:6)
  3 orcs (D:6)
6 creatures vanquished.

Grand Total: 125 creatures vanquished

Notes
Turn   | Place    | Note
-------+----------+-------------------------------------------
     0 | D:1      | backslashecho the Minotaur Cinder Acolyte began the quest
                  | for the Orb.
     0 | D:1      | Reached XP level 1. HP: 19/19 MP: 1/1
   153 | D:1      | Reached skill level 4 in Axes
   310 | D:1      | Reached XP level 2. HP: 27/27 MP: 2/2
   686 | D:1      | Reached XP level 3. HP: 30/30 MP: 3/3
  1119 | D:2      | Reached skill level 5 in Axes
  1889 | D:3      | Reached XP level 4. HP: 41/41 MP: 4/4
  2301 | D:3      | Found a faded altar of an unknown god.
  2678 | D:4      | Reached skill level 6 in Axes
  2839 | D:4      | Reached skill level 5 in Fighting
  2839 | D:4      | Reached XP level 5. HP: 39/48 MP: 5/5
  3296 | D:4      | Reached skill level 7 in Axes
  3296 | D:4      | Reached XP level 6. HP: 55/56 MP: 6/6
  4108 | D:5      | Entered Level 5 of the Dungeon
  4108 | D:5      | Found Ucuhumof's General Store.
  4111 | D:5      | Bought a potion of might for 52 gold pieces
  4111 | D:5      | Bought a scroll of identify for 26 gold pieces
  4144 | D:5      | You fall into a shaft and drop 2 floors!
  4144 | D:7      | Noticed an orc warrior
  4150 | D:7      | Found a broken altar of Ashenzari.
  4321 | D:5      | Found a staircase to the Ecumenical Temple.
  4327 | Temple   | Entered the Ecumenical Temple
  4629 | D:5      | Reached skill level 8 in Axes
  4629 | D:5      | Reached XP level 7. HP: 39/63 MP: 7/7
  5228 | D:5      | Reached skill level 1 in Shields
  5457 | D:5      | Noticed Grinder
  5646 | D:6      | Reached skill level 9 in Axes
  5853 | D:6      | Reached XP level 8. HP: 48/73 MP: 8/8
  5995 | D:6      | Found a glowing golden altar of the Shining One.
  6302 | D:6      | Reached skill level 10 in Axes
  6822 | D:6      | Found a hazy altar of Hepliaklqana.
  6823 | D:6      | Found an iron altar of Okawaru.
  7462 | D:6      | Reached skill level 11 in Axes
  7759 | D:6      | HP: 2/75 [killer bee (8)]
  7760 | D:6      | Succumbed to a killer bee's poison

Illustrated notes

Levels and vault maps discovered:
D:1:      dpeg_arrival_chambers_temple_mockup, layout_basic,
          minmay_misc_feat_secret_circle, nrook_mini_vaults
D:2:      layout_basic, ebering_dispersal_statue_hall
D:3:      layout_loops_cross, basic_ecumenical_altar
D:4:      layout_basic
D:5:      layout_basic, minmay_temple_entry_arrows, serial_shops,
          nicolae_stop_n_shop_1, kennysheep_minor_cross,
          minmay_misc_feat_square, uniq_grinder
D:6:      layout_cave_pods, mainiacjoe_overflow_concentric_impassable,
          nicolae_overflow_squiral, grunt_ministairs_13
D:7:      layout_rooms, ashenzari_altar_1, vehumet_statue
Temple:   nicolae_temple_figure_eight

Skill      XL: |  1  2  3  4  5  6  7  8 |
---------------+-------------------------+-----
Axes           | 4 5 6 7 8 9 11 | 11.4
Fighting       | 4 5 6 7 8 |  8.4
Shields        | 2 4 |  4.0
Spellcasting   | |  1.0
Fire Magic     | |  2.1

Action                   |  1- 3 |  4- 6 |  7- 9 || total
-------------------------+-------+-------+-------++-------
Melee: Hand axe          |    98 |   170 |   148 ||   416
       Headbutt          |     9 |    16 |    24 ||    49
       Punch             |       |     1 |       ||     1
Throw: Dart              |       |       |    11 ||    11
       Javelin           |       |       |     3 ||     3
Evoke: Wand              |       |       |     4 ||     4
  Use: Scroll            |       |     4 |     1 ||     5
       Potion            |       |       |     2 ||     2
Armor: Ring mail         |    25 |       |       ||    25
       Robe              |     1 |       |       ||     1
       Scale mail        |     9 |    64 |    53 ||   126
       Plate armour      |       |       |    17 ||    17
Dodge: Dodged            |    43 |    63 |    70 ||   176
Block: Buckler           |       |       |    29 ||    29

Table legend: (Time is in decaauts)
 A = Elapsed time spent in this place.
 B = Non-inter-level travel time spent in this place.
 C = Inter-level travel time spent in this place.
 D = Time resting spent in this place.
 E = Time spent auto-exploring this place.
 F = Levels seen in this place.
 G = Mean time per level.
                   A        B        C        D        E       F      G
               +--------+--------+--------+--------+--------+-----+--------+
         Total |   7795 |   7217 |    578 |   1918 |   3970 |   8 |  974.4 |
       Dungeon |   7581 |   7014 |    567 |   1918 |   3767 |   7 | 1083.0 |
        Temple |    214 |    203 |     11 |      0 |    203 |   1 |  214.0 |
               +--------+--------+--------+--------+--------+-----+--------+

Top non-repeatable levels by time:
     D:6: 1978 daAuts
     D:4: 1538 daAuts
     D:5: 1107 daAuts
     D:1: 1074 daAuts
     D:3: 999 daAuts
     D:2: 672 daAuts
  Temple: 214 daAuts
     D:7: 211 daAuts
